 Dungeon Sprint DCSS version 0.17-a0-2122-g03d97ec (webtiles) character file.

1745 AMagicalLamp the Thaumaturge (level 8, -1/52 HPs)
             Began as a Deep Elf Fire Elementalist on Oct 20, 2015.
             Was a Believer of Vehumet.
             Shot with an arrow by a centaur warrior (17 damage)
             ... in the Dungeon (Sprint I: "Red Sonja").
             The game lasted 00:08:20 (1395 turns).

AMagicalLamp the Thaumaturge (DEFE)                 Turns: 1395, Time: 00:08:20

Health: -1/52      AC:  2    Str:  5    XL:     8   Next: 77%
Magic:  26/26      EV: 13    Int: 23    God:    Vehumet [**....]
Gold:   532        SH:  0    Dex: 15    Spells: 8 memorised, 12 levels left

rFire  . . .     SeeInvis .     (no weapon)
rCold  . . .     Clarity  .     a - +0 robe
rNeg   . . .     SustAt   .     (no shield)
rPois  .         Gourm    .     (no helmet)
rElec  .         Spirit   .     (no cloak)
rCorr  .         Warding  .     (no gloves)
rMut   .         NoTele   +     (no boots)
MR     .....                    (no amulet)
Stlth  ++........               (no ring)
                                (no ring)

@: very slightly contaminated, not resistant to hostile enchantments, unstealthy
A: no striking features
a: Renounce Religion


You were in the Dungeon.
You worshipped Vehumet.
Vehumet was pleased with you.
You were not hungry.

You visited 1 branch You collected 532 gold pieces.


   Skills:
 + Level 6.3 Fighting
 - Level 2.4 Dodging
 - Level 2.4 Stealth
 + Level 12.6 Spellcasting
 + Level 11.8 Conjurations
 + Level 12.1 Fire Magic
 + Level 0.0 Air Magic


You had 12 spell levels left.
You knew the following spells:

 Your Spells              Type           Power        Failure   Level  Hunger
c - Sticky Flame          Conj/Fire      ######..     1%          4    None
i - Shock                 Conj/Air       ####         1%          1    None
u - Magic Dart            Conj           ####         1%          1    None
v - Fireball              Conj/Fire      ######....   1%          5    ###....
x - Throw Flame           Conj/Fire      ######       1%          2    None
y - Inner Flame           Hex/Fire       #####...     1%          3    None
z - Flame Tongue          Conj/Fire      #####        1%          1    None
Z - Conjure Flame         Conj/Fire      ######..     1%          3    None

Inventory:

Hand Weapons
 j - a +0 blowgun
 k - a +0 dagger of distortion
Missiles
 h - 4 curare-tipped needles {=f}
Armour
 a - a +0 robe (worn)
Potions
 d - a potion of curing {@q1}
 f - a potion of haste {@q3}
 g - 2 potions of magic
Books
 b - a book of Flames

   Spells                             Type                      Level
   a - Flame Tongue                   Conjuration/Fire             1
   b - Throw Flame                    Conjuration/Fire             2
   c - Conjure Flame                  Conjuration/Fire             3
   d - Inner Flame                    Hexes/Fire                   3
   e - Sticky Flame                   Conjuration/Fire             4
   f - Fireball                       Conjuration/Fire             5

Dungeon Overview and Level Annotations

Branches:
Dungeon (1/1)

Altars:
Cheibriados
Dithmenos
Elyvilon
Fedhas
Gozag
Kikubaaqudgha
Makhleb
Nemelex Xobeh
Okawaru
Qazlal
Ru
Sif Muna
Trog
Vehumet
Xom
Yredelemnul
Zin
The Shining One
Jiyva

Shops:
D

(
▒▒▒▒▒▒▒▒▒▒▒▒▒▒▒▒▒▒▒▒▒▒▒▒▒▒
▒<.▒..)..▒..'..▒__▒..'#..▒
▒..'..▒..'..▒e.'..'..▒.).▒
▒.)▒▒▒▒▒'▒▒▒▒▒(▒__▒▒▒▒ ..+
▒..▒▒▒▒..▒...▒.▒▒▒▒##▒ ▒▒
▒..▒__▒▒▒▒..▒▒#▒#≈≈##▒
▒..▒_..__▒▒'▒..c###c#+
▒⌠⌠▒_.∩...)..._▒#≈#c#▒
▒▒▒▒_..._▒▒_.▒'▒▒#▒▒▒▒
▒_____▒▒▒'▒(▒
▒▒▒▒▒▒▒▒▒.▒▒▒


You could see a centaur warrior.


Message History

Magic restored.
You are near starving!
Eat which item? (? for menu, Esc to quit)
You finish eating.
That bread ration really hit the spot!
There is an open door here.
You enter the shallow water.
The centaur warrior shouts! x2
The centaur warrior hits you! The centaur warrior barely misses you.
The centaur warrior hits you! x2
* * * LOW HITPOINT WARNING * * *
Read which item? (? for menu, Esc to quit)
Blink to where?
You are very lightly contaminated with residual magic.
As you read the scroll of blinking, it crumbles to dust.
Which direction?
You close the door.
Something unseen opens the door.
The centaur warrior wields a shortbow.
The centaur warrior shoots an arrow.
The arrow hits you!
* * * LOW HITPOINT WARNING * * *
You hear a shout!
There is an open door, spattered with blood here.
You see here an arrow.
Unknown command.
Drink which item? (? for menu, Esc to quit)
You feel much better.
The centaur warrior shoots an arrow.
The arrow hits you!
* * * LOW HITPOINT WARNING * * *
You hear a shout!
The centaur warrior shoots an arrow.
The arrow hits you!
You die...

Action                   |  1- 3 |  4- 6 |  7- 9 || total
-------------------------+-------+-------+-------++-------
Melee: Unarmed           |     3 |       |     5 ||     8
 Cast: Flame Tongue      |    11 |     1 |       ||    12
       Conjure Flame     |       |     7 |     1 ||     8
       Sticky Flame      |       |     5 |     6 ||    11
       Throw Flame       |       |     2 |     3 ||     5
       Fireball          |       |       |     2 ||     2
  Use: Potion            |     1 |       |     1 ||     2
       Scroll            |       |       |     1 ||     1
  Eat: Chunk             |       |     1 |       ||     1
       Bread ration      |       |       |     1 ||     1

Vault maps used:
D:        dungeon_sprint_1

Notes
Turn   | Place    | Note
--------------------------------------------------------------
     0 | D        | AMagicalLamp the Deep Elf Fire Elementalist began the quest for the Orb.
     0 | D        | Reached XP level 1. HP: 10/10 MP: 6/6
     1 | D        | Noticed Ijyb
    11 | D        | Killed Ijyb
    11 | D        | Reached skill level 8 in Spellcasting
    11 | D        | Reached XP level 2. HP: 15/15 MP: 0/13
   100 | D        | Learned a level 2 spell: Throw Flame
   100 | D        | Noticed an ogre
   109 | D        | Killed an ogre
   109 | D        | Reached skill level 5 in Conjurations
   109 | D        | Reached skill level 6 in Fire Magic
   109 | D        | Reached XP level 3. HP: 7/19 MP: 5/14
   109 | D        | Reached XP level 4. HP: 8/24 MP: 5/16
   313 | D        | Learned a level 4 spell: Sticky Flame
   317 | D        | Learned a level 3 spell: Conjure Flame
   321 | D        | Learned a level 3 spell: Inner Flame
   321 | D        | Noticed Sigmund
   382 | D        | Killed Sigmund
   382 | D        | Reached skill level 8 in Conjurations
   382 | D        | Reached skill level 9 in Fire Magic
   382 | D        | Reached XP level 5. HP: 9/28 MP: 3/17
   382 | D        | Reached XP level 6. HP: 10/32 MP: 3/19
   621 | D        | Learned a level 5 spell: Fireball
   621 | D        | Found a deep blue altar of Sif Muna.
   622 | D        | Noticed a jelly
   623 | D        | Found a radiant altar of Vehumet.
   626 | D        | Killed a jelly
   626 | D        | Reached skill level 1 in Fighting
   654 | D        | Became a worshipper of Vehumet
   656 | D        | Found Guihitit's Weapon Emporium.
   656 | D        | Found a white marble altar of Elyvilon.
   656 | D        | Found a stormy altar of Qazlal.
   656 | D        | Found a burning altar of Makhleb.
   656 | D        | Found a sacrificial altar of Ru.
   656 | D        | Found a basalt altar of Yredelemnul.
   656 | D        | Found a glowing golden altar of the Shining One.
   656 | D        | Found a sparkling altar of Nemelex Xobeh.
   656 | D        | Found a shimmering altar of Xom.
   656 | D        | Found an opulent altar of Gozag.
   656 | D        | Found an ancient bone altar of Kikubaaqudgha.
   656 | D        | Found a glowing silver altar of Zin.
   656 | D        | Noticed a yak
   667 | D        | Killed a yak
   667 | D        | Reached skill level 2 in Fighting
   667 | D        | Reached skill level 9 in Spellcasting
   667 | D        | Reached skill level 9 in Conjurations
   667 | D        | Reached skill level 10 in Fire Magic
   797 | D        | Found an iron altar of Okawaru.
   814 | D        | Found a bloodstained altar of Trog.
   829 | D        | Found a snail-covered altar of Cheibriados.
   829 | D        | Found a viscous altar of Jiyva.
   829 | D        | Found a shadowy altar of Dithmenos.
   829 | D        | Found a blossoming altar of Fedhas.
   829 | D        | Noticed a slime creature
   834 | D        | Killed a slime creature
   834 | D        | Reached skill level 3 in Fighting
   834 | D        | Reached skill level 10 in Spellcasting
   834 | D        | Reached skill level 10 in Conjurations
   834 | D        | Reached XP level 7. HP: 16/42 MP: 10/22
  1022 | D        | Noticed Sonja
  1026 | D        | Killed Sonja
  1026 | D        | Reached * piety under Vehumet
  1026 | D        | Offered knowledge of Magic Dart by Vehumet.
  1026 | D        | Reached skill level 5 in Fighting
  1026 | D        | Reached skill level 11 in Spellcasting
  1026 | D        | Reached skill level 11 in Conjurations
  1026 | D        | Reached skill level 11 in Fire Magic
  1026 | D        | Reached XP level 8. HP: 35/50 MP: 12/25
  1029 | D        | Learned a level 1 spell: Magic Dart
  1114 | D        | Noticed a centaur warrior
  1114 | D        | Noticed a centaur warrior
  1139 | D        | Noticed a kobold demonologist
  1141 | D        | Noticed a sixfirhy
  1141 | D        | Noticed a kobold demonologist
  1141 | D        | Killed a kobold demonologist
  1141 | D        | Reached skill level 12 in Spellcasting
  1142 | D        | Killed a sixfirhy
  1146 | D        | Noticed a hellwing
  1171 | D        | Killed a kobold demonologist
  1171 | D        | Offered knowledge of Shock by Vehumet.
  1171 | D        | Reached ** piety under Vehumet
  1171 | D        | Reached skill level 6 in Fighting
  1171 | D        | Reached skill level 12 in Fire Magic
  1175 | D        | Learned a level 1 spell: Shock
  1393 | D        | HP: 3/52 [centaur warrior/arrow (15)]
  1395 | D        | Shot with an arrow by a centaur warrior

Vanquished Creatures
  Sonja (D)
  2 kobold demonologists (D)
  A slime creature (D)
  A yak (D)
  Sigmund (D)
  An ogre (D)
  A jelly (D)
  Ijyb (D)
  A giant eyeball (D)
10 creatures vanquished.
